 Dungeon Crawl Stone Soup version 0.31.0-32-g396128a36d (webtiles) character file.

Game seed: 14688154570026625074

702 BoneyBoi1234 the Ruffian (level 7, 0/61 (67) HPs)
             Began as a Troll Shapeshifter on Mar 28, 2024.
             Killed by divine providence
             ... invoked by Jeremiah
              (13 damage)
             ... on level 5 of the Dungeon.
             The game lasted 00:04:47 (2494 turns).

BoneyBoi1234 the Ruffian (Troll Shapeshifter)       Turns: 2494, Time: 00:04:48

HP:   0/61 (67)     AC:  4    Str: 25    XL:     7   Next: 39%
MP:   6/6           EV: 10    Int:  6    God:
Gold: 200           SH:  0    Dex:  9    Spells: 6/6 levels left

rFire   . .          .
                       - Unarmed
rCold   + . .        (no shield)
rNeg    . . .        a - +0 animal skin
rPois   .            (helmet currently unavailable)
rElec   .            (cloak currently unavailable)
rCorr   +            (gloves unavailable)
SInv    .            (boots unavailable)
Will    .....        (no amulet)
Stlth   +            g - ring of protection from cold
HPRegen 1.10/turn    s - ring of resist corrosion
MPRegen 0.10/turn

%: no passive effects
@: beast-form, drained
A: beast (slay +2), large, unfitting armour, claws 3, regeneration 1, shaggy fur
1, tough skin 1
a: Begin Untransformation


You were on level 5 of the Dungeon.
You were a hulking beast.
You visited 1 branch of the dungeon, and saw 6 of its levels.

You collected 200 gold pieces.

Inventory:

Armour
 a - a +0 animal skin (worn)
Jewellery
 g - a ring of protection from cold (left claw)
 h - an amulet of magic regeneration
 l - an amulet of faith
 q - a ring of magical power
 s - a ring of resist corrosion (right claw)
Talismans
 c - a beast talisman
 d - a flux talisman
Scrolls
 e - 2 scrolls of enchant weapon
 j - a scroll of torment
 n - 2 scrolls of revelation
 o - a scroll of poison
 r - a scroll of summoning
 t - a scroll of identify
Potions
 b - a potion of lignification
 f - 2 potions of brilliance
 k - a potion of attraction
 u - a potion of cancellation {unknown}


   Skills:
 + Level 3.3 Fighting
 + Level 3.7 Dodging
 + Level 5.0 Unarmed Combat
 + Level 4.7 Shapeshifting


You had 6 spell levels left.
You didn't know any spells.
Your spell library contained the following spells:

 Spells                   Type           Power      Damage    Failure   Level
 Magic Dart               Conj           0%         1d3       45%         1
 Searing Ray              Conj           0%         2d4       58%         2
 Fulminant Prism          Conj/Alch      0%         3d5       99%         4
 Alistair's Intoxication  Alch           0%         N/A       100%        5
 Borgnjor's Vile Clutch   Necr/Erth      0%         N/A       100%        5
 Eringya's Noxious Bog    Alch           0%         4d6       100%        6


Dungeon Overview and Level Annotations

Branches:
Dungeon (6/15)
 Temple: D:4-7

Altars:

Annotations:
D:4 2 transporters, soylentplaid's ghost, amateur MfSh
D:5 Jeremiah


Innate Abilities, Weirdness & Mutations

You are a hulking beast.
Your limbs bulge with bestial killing power. (Slay +2)
You are too large for most types of armour.
You have claws for hands.
Your natural rate of healing is unusually fast.
You are covered in fur. (AC +1)
You have tough skin. (AC +1)


Message History

You claw Jeremiah!
Jeremiah is lightly wounded.
The ufetubus hits you but does no damage.
The ufetubus hits you.
Jeremiah cries, "Fearful master, protect me!"
Something smites you! The ufetubus hits you. x2
* * * LOW HITPOINT WARNING * * *
You feel better.
The orc shouts!
You hear a shout! x2
Jeremiah hits you with a +3 trident of draining!
* * * LOW HITPOINT WARNING * * *
You feel drained.
* * * LOW HITPOINT WARNING * * *
The ufetubus closely misses you. The ufetubus barely misses you.
You claw Jeremiah!
Jeremiah is heavily wounded.
The ufetubus hits you but does no damage. x2
An orc priest comes into view. It is wielding a +0 hand axe.
Jeremiah barely misses you.
You claw Jeremiah!
Jeremiah is severely wounded.
The ufetubus hits you but does no damage.
The ufetubus closely misses you.
An orc comes into view. It is wielding a +0 dagger.
Jeremiah hits you with a +3 trident of draining.
* * * LOW HITPOINT WARNING * * *
You feel drained.
* * * LOW HITPOINT WARNING * * *
The ufetubus hits you but does no damage.
The ufetubus hits you.
* * * LOW HITPOINT WARNING * * *
You closely miss Jeremiah. Your claw misses Jeremiah.
Jeremiah is severely wounded.
The ufetubus hits you but does no damage.
The ufetubus hits you.
* * * LOW HITPOINT WARNING * * *
Jeremiah cries, "Fearful master, protect me!"
Something smites you!
You die...
Jeremiah wails, "I didn't mean to kill anyone!
I'm not a murderer!"

##########
#b.......#
#..5bb...#
#b.bhF...#
#...bb...#
#....b...#
#...o....#
#.....b..#
#.....bo.o.
#...........
+....<......


You could see Jeremiah, an orc priest, an ufetubus and 2 orcs.

Vanquished Creatures
  Edmund (D:4)
  A black bear (D:6)
  An ogre (D:4)
  A howler monkey (D:4)
  2 bombardier beetles
  An orc priest (D:4)
  A hound (D:6)
  An iguana (D:6)
  2 orc wizards (D:6)
  4 gnolls (D:6)
  4 adders
  A shadow imp (D:3)
  A white imp (D:6)
  2 ribbon worms (D:2)
  2 dart slugs
  9 orcs
  4 endoplasms
  A giant cockroach (D:3)
  13 hobgoblins
  5 jackals
  2 quokkas (D:1)
  6 ball pythons
  3 bats
  3 frilled lizards
  4 goblins
  7 kobolds
  5 rats
87 creatures vanquished.

Notes
Turn   | Place    | Note
-------+----------+-------------------------------------------
     0 | D:1      | BoneyBoi1234 the Troll Shapeshifter began the quest for the
                  | Orb.
     0 | D:1      | Reached XP level 1. HP: 18/18 MP: 0/0
   107 | D:1      | Reached skill level 1 in Fighting
   181 | D:1      | Reached XP level 2. HP: 27/27 MP: 1/1
   750 | D:2      | Noticed a bombardier beetle
   758 | D:2      | Killed a bombardier beetle
   759 | D:2      | Reached XP level 3. HP: 33/33 MP: 2/2
   855 | D:2      | Reached XP level 4. HP: 42/42 MP: 3/3
   919 | D:2      | Found a faded altar of an unknown god.
  1972 | D:4      | Reached XP level 5. HP: 47/49 MP: 4/4
  2050 | D:4      | Noticed Edmund
  2064 | D:4      | Killed Edmund
  2065 | D:4      | Reached skill level 4 in Unarmed Combat
  2065 | D:4      | Reached XP level 6. HP: 39/59 MP: 5/5
  2203 | D:4      | Found the +18 Lear's hauberk
  2370 | D:4      | Noticed soylentplaid's ghost (amateur MfSh)
  2371 | D:4      | Found a transporter.
  2373 | D:4      | Found a transporter.
  2397 | D:4      | You fall into a shaft and drop 2 floors!
  2429 | D:6      | Reached XP level 7. HP: 33/67 MP: 6/6
  2438 | D:6      | Reached skill level 5 in Unarmed Combat
  2480 | D:6      | Noticed Jeremiah
  2489 | D:5      | Entered Level 5 of the Dungeon
  2494 | D:5      | Killed from afar by Jeremiah

Illustrated notes

Levels and vault maps discovered:
D:1:      psy_arrival_terrarium, layout_basic
D:2:      layout_rooms, ebering_ecumenical_altar_mist, serial_bayou_pond_c,
          minmay_indecisive_spiral
D:3:      layout_loops_ring, wander_ebering_terrifying_dragon_lair
D:4:      layout_rooms, gammafunk_ghost_smash, corexii_shack, dk_noncrumbling_3,
          uniq_edmund
D:5:      layout_basic, yredelemnul_forgotten_temple_becter, zin_academy,
          nicolae_overflow_two_pavilions
D:6:      cheibrodos_thug_alley, layout_rooms, minmay_temple_entry_from_below_a,
          serial_rivers, chequers_serial_rivers_large_b,
          chequers_serial_rivers_room_b, chequers_serial_rivers_room_a,
          chequers_serial_rivers_small_a, serial_shops, shop, uniq_eustachio,
          uniq_jeremiah, uniq_duvessa

Skill      XL: |  1  2  3  4  5  6  7 |
---------------+----------------------+-----
Fighting       | 1 2 3 |  3.3
Dodging        | 2 3 |  3.7
Unarmed Combat | 4 5 |  5.0
Shapeshifting  | 4 |  4.7

Action                     |  1- 3 |  4- 6 |  7- 9 || total
---------------------------+-------+-------+-------++-------
  Melee: Unarmed           |    66 |   120 |    16 ||   202
         Punch             |       |     3 |       ||     3
    Use: Scroll            |     3 |     7 |       ||    10
         Potion            |       |     3 |     2 ||     5
   Stab: Sleeping          |     2 |       |       ||     2
 Armour: Animal skin       |    35 |    63 |    44 ||   142
  Dodge: Dodged            |    31 |    56 |    22 ||   109
